 Dungeon Crawl Stone Soup version 0.21.1-1-g345015fe64 (webtiles) character file.

1172 ILYA101 the Slasher (level 8, -8/69 HPs)
             Began as a Purple Draconian Abyssal Knight on July 20, 2018.
             Was a Priest of Lugonu.
             Mangled by an orc warrior
             ... wielding a +0 glaive
              (15 damage)
             ... on level 6 of the Dungeon.
             The game lasted 00:11:48 (4968 turns).

ILYA101 the Slasher (DrAK)                          Turns: 4968, Time: 00:11:49

Health: -8/69      AC: 10    Str: 15    XL:     8   Next: 18%
Magic:  18/18      EV: 14    Int: 12    God:    Lugonu [***...]
Gold:   60         SH:  0    Dex: 13    Spells: 7/7 levels left

rFire    x . .     SeeInvis .   a - +3 falchion
rCold    + . .     Gourm    .   (no shield)
rNeg     . . .     Faith    .   (armour unavailable)
rPois    .         Spirit   .   (helmet restricted)
rElec    .         Reflect  .   (no cloak)
rCorr    .         Harm     .   o - +0 pair of gloves
MR       +....                  s - +2 pair of boots
Stlth    ++........             i - amulet of regeneration
HPRegen  0.61/turn              m - ring of ice
MPRegen  0.16/turn              v - ring of magical power

@: drained
A: breathe power, unfitting armour, cold-blooded, AC +6
a: Breathe Dispelling Energy, Depart the Abyss, Bend Space, Banish, Renounce
Religion


You were on level 6 of the Dungeon.
You worshipped Lugonu.
Lugonu was most pleased with you.
You were not hungry.

You visited 1 branch of the dungeon, and saw 6 of its levels.
You visited the Abyss 1 time.

You collected 326 gold pieces.
You spent 266 gold pieces at shops.

Inventory:

Hand Weapons
 a - a +3 falchion (weapon)
 q - a +0 long sword
Armour
 o - a +0 pair of gloves (worn)
 s - a +2 pair of boots (worn)
Jewellery
 c - an uncursed amulet of harm
 i - an amulet of regeneration (around neck)
 m - a ring of ice (left hand)
 v - a ring of magical power (right hand)
 C - a +2 ring of strength {unknown}
 D - an uncursed ring of flight {unknown}
 E - an uncursed ring of protection from fire {unknown}
Wands
 u - a wand of disintegration (14)
 w - a wand of digging (11)
 x - a wand of iceblast (7)
Scrolls
 d - 2 scrolls of teleportation
 p - a scroll of magic mapping
 y - 3 scrolls of identify
 z - a scroll of random uselessness {unknown}
 B - a scroll of torment {unknown}
Potions
 e - 6 potions of curing
 f - a potion of brilliance
 g - 2 potions of haste
 h - 2 potions of magic
 j - a potion of heal wounds
 k - a potion of lignification
 l - a potion of berserk rage
 n - a potion of resistance
 t - 2 potions of agility
 F - a potion of mutation {unknown}
Books
 r - a book of Minor Magic

   Spells                             Type                      Level
   a - Magic Dart                     Conjuration                  1
   b - Blink                          Translocation                2
   c - Call Imp                       Summoning                    2
   d - Slow                           Hexes                        2
   e - Conjure Flame                  Conjuration/Fire             3
   f - Mephitic Cloud                 Conjuration/Poison/Air       3
Comestibles
 b - 6 rations
 A - a chunk of flesh


   Skills:
 + Level 5.5(5.3) Fighting
 + Level 7.3(7.1) Long Blades
 + Level 4.3(4.2) Dodging
 + Level 3.0(2.9) Stealth
 + Level 2.0(1.9) Invocations


You had 7 spell levels left.
You didn't know any spells.

Dungeon Overview and Level Annotations

Branches:
Dungeon (6/15)
 Temple: D:4-7

Altars:
Qazlal
Trog
The Shining One

Shops:
D:5 !


Innate Abilities, Weirdness & Mutations

You can breathe bolts of dispelling energy.
Your rich purple scales are hard. (AC +6)
You cannot fit into any form of body armour.
You are cold-blooded and may be slowed by cold attacks.


Message History

You hit the orc warrior.
The orc warrior is moderately wounded.
You barely miss the orc warrior.
The orc warrior is moderately wounded.
The orc warrior hits you with a glaive.
You closely miss the orc warrior.
Your tail-slap misses the orc warrior.
The orc warrior is moderately wounded.
The orc warrior hits you with a glaive!
* * * LOW HITPOINT WARNING * * *
You hit the orc warrior.
The orc warrior is moderately wounded.
The orc warrior closely misses you.
You riposte.
You hit the orc warrior.
Your tail-slap misses the orc warrior.
The orc warrior is heavily wounded.
You closely miss the orc warrior.
The orc warrior is heavily wounded.
You hit the orc warrior.
The orc warrior is heavily wounded.
The orc warrior hits you with a glaive!
You die...

#### ##...##
#......# #+##
###.#### #.# #
#.# ##. #.# #...
#.# ..... #.#
#....s########.#
#.Jo@.......#
##o########## ..
... ... .⌠ . ###
#..


You could see an orc warrior, a jelly, an orc and a giant cockroach.

Vanquished Creatures
  Sigmund (D:2)
  An ice beast (D:5)
  3 centaurs
  A bullfrog (D:6)
  A scorpion (D:4)
  3 crimson imps (D:5)
  A hound (D:3)
  A centaur zombie (D:6)
  A jelly (D:5)
  2 orc wizards
  2 orc priests
  A centaur skeleton (D:5)
  Natasha (thrice) (D:4)
  A worker ant (D:5)
  A hound zombie (D:5)
  2 adders
  A shadow imp (D:6)
  A white imp (D:5)
  An ooze (D:2)
  A worm (D:3)
  A dart slug (D:1)
  3 leopard geckos
  8 orcs
  6 bats
  3 giant cockroaches
  11 goblins
  7 hobgoblins
  6 jackals (D:4)
  4 quokkas
  6 frilled lizards
  2 goblin zombies (D:5)
  5 hobgoblin zombies (D:5)
  A jackal skeleton (D:4)
  4 kobolds
  A kobold zombie (D:5)
  2 leopard gecko skeletons (D:5)
  9 rats
108 creatures vanquished.

Vanquished Creatures (others)
  A wizard (D:5)
  A jackal (D:5)
2 creatures vanquished.

Grand Total: 110 creatures vanquished

Notes
Turn   | Place    | Note
-------+----------+-------------------------------------------
     0 | Abyss:1  | ILYA101 the Draconian Abyssal Knight began the quest for the Orb.
     0 | Abyss:1  | Reached XP level 1. HP: 19/19 MP: 2/2
    54 | D:1      | Escaped the Abyss
   357 | D:1      | Reached XP level 2. HP: 27/27 MP: 3/3
   940 | D:2      | Reached ** piety under Lugonu
   976 | D:2      | Reached XP level 3. HP: 24/33 MP: 4/4
  1243 | D:2      | Noticed Sigmund
  1266 | D:2      | Killed Sigmund
  1266 | D:2      | Reached skill level 4 in Long Blades
  1266 | D:2      | Reached skill level 1 in Stealth
  1266 | D:2      | Reached XP level 4. HP: 15/41 MP: 5/5
  1266 | D:2      | Reached XP level 5. HP: 18/47 MP: 6/6
  2433 | D:3      | Reached XP level 6. HP: 53/53 MP: 7/7
  2763 | D:4      | Noticed Natasha
  2781 | D:4      | Reached *** piety under Lugonu
  2848 | D:4      | Killed Natasha
  2878 | D:4      | Noticed Natasha
  2891 | D:4      | Killed Natasha
  2891 | D:4      | Reached skill level 5 in Long Blades
  2897 | D:4      | Noticed Natasha
  2907 | D:4      | Killed Natasha
  3346 | D:5      | Entered Level 5 of the Dungeon
  3456 | D:5      | Your scales start taking on a rich purple colour.
  3456 | D:5      | Reached XP level 7. HP: 52/60 MP: 8/8
  3673 | D:5      | Reached skill level 6 in Long Blades
  3759 | D:5      | Reached skill level 5 in Fighting
  4019 | D:5      | Found Zirro's Distillery.
  4052 | D:5      | Bought a potion of curing for 42 gold pieces
  4052 | D:5      | Bought a potion of curing for 42 gold pieces
  4052 | D:5      | Bought a potion of haste for 140 gold pieces
  4052 | D:5      | Bought a potion of lignification for 42 gold pieces
  4125 | D:5      | Found a stormy altar of Qazlal.
  4333 | D:5      | Found a glowing golden altar of the Shining One.
  4475 | D:5      | Found a bloodstained altar of Trog.
  4478 | D:5      | Noticed a wizard
  4483 | D:5      | Killed a wizard
  4743 | D:6      | Reached XP level 8. HP: 68/68 MP: 9/9
  4794 | D:6      | Reached skill level 7 in Long Blades
  4968 | D:6      | Mangled by an orc warrior

Skill      XL: |  1  2  3  4  5  6  7  8 |
---------------+-------------------------+-----
Fighting       | 4 5 |  5.5
Long Blades    | 4 5 6 7 |  7.3
Dodging        | 3 4 |  4.3
Stealth        | 1 2 3 |  3.0
Invocations    | |  2.0

Action                   |  1- 3 |  4- 6 |  7- 9 || total
-------------------------+-------+-------+-------++-------
Melee: Falchion          |    77 |   126 |   138 ||   341
       Tailslap          |    11 |    18 |    15 ||    44
 Abil: Breathe Dispellin |       |       |     1 ||     1
  Use: Scroll            |       |    16 |     3 ||    19
 Stab: Sleeping          |     1 |     4 |     2 ||     7
  Eat: Chunk             |     1 |     7 |     2 ||    10
       Ration            |       |       |     1 ||     1
Armor: Skin              |    17 |    36 |    46 ||    99
Dodge: Dodged            |    63 |   124 |    80 ||   267
       Rpst.: Falchion   |    19 |    38 |    17 ||    74
